 Dungeon Crawl Stone Soup version 0.18.1-50-g88ac8fd (webtiles) character file.

62 Moonlightfire the Chucker (level 3, -6/25 HPs)
             Began as a High Elf Hunter on Apr 5, 2019.
             Killed by nerve-wracking pain
             ... invoked by Jessica
              (14 damage)
             ... on level 2 of the Dungeon.
             The game lasted 00:13:19 (1655 turns).

Moonlightfire the Chucker (High Elf Hunter)         Turns: 1655, Time: 00:13:20

Health: -6/25      AC: 10    Str: 12    XL:     3   Next: 85%
Magic:  4/4        EV: 11    Int: 14    God:
Gold:   88         SH:  0    Dex: 16    Spells: 0 memorised, 2 levels left

rFire  . . .     SeeInvis .     m - +3 mace (protect)
rCold  . . .     Gourm    .     v - +0 ring mail
rNeg   . . .     Faith    .     (no shield)
rPois  .         Spirit   .     (no helmet)
rElec  .         Dismiss  .     (no cloak)
rCorr  .         Reflect  .     (no gloves)
SustAt .         Harm     .     (no boots)
MR     .....                    (no amulet)
Stlth  ++........               (no ring)
                                y - ring of stealth

@: not resistant to hostile enchantments, unstealthy
A: no striking features
a: no special abilities


You were on level 2 of the Dungeon.
You were not hungry.

You visited 1 branch of the dungeon, and saw 2 of its levels.

You collected 88 gold pieces.

Inventory:

Hand Weapons
 a - a +0 short sword
 h - a +0 short sword
 m - a +3 mace of protection (weapon)
 q - a cursed -1 dagger
Missiles
 c - 5 javelins (quivered)
 d - 2 throwing nets
 n - 78 bolts
 p - 29 poisoned needles
 r - 56 arrows
 t - 53 stones
Armour
 b - a +0 leather armour
 j - a +0 scale mail
 v - a +0 ring mail (worn)
 w - a +0 robe
Jewellery
 y - a ring of stealth (left hand)
Scrolls
 e - a scroll of remove curse
 l - a scroll of identify {unknown}
 x - a scroll of blinking {unknown}
 B - a scroll of magic mapping {unknown}
 C - a scroll of enchant armour {unknown}
 D - a scroll of fear {unknown}
 E - a scroll of teleportation {unknown}
Potions
 g - a potion of might
 i - a potion of invisibility {unknown}
 k - 3 potions of brilliance
 o - a potion of haste
 u - a potion of berserk rage
 z - a potion of cure mutation {unknown}
 A - a potion of ambrosia {unknown}
Comestibles
 f - 2 bread rations
 s - 2 fruits


   Skills:
 + Level 2.8 Fighting
 + Level 0.2 Maces & Flails
 + Level 4.6 Throwing
 + Level 0.5 Armour
 + Level 2.6 Dodging
 + Level 1.1 Stealth


You had 2 spell levels left.
You didn't know any spells.

Dungeon Overview and Level Annotations

Branches:
Dungeon (2/15)

Altars:
Cheibriados
Fedhas
Makhleb
Qazlal
Trog
The Shining One

Annotations:
D:2 Jessica


Message History

Throwing (i - inventory. (,) - cycle):
c - 6 javelins (quivered)
Press: ? - help, Shift-Dir - straight line You throw a javelin.
Jessica the Apprentice Sorceress comes into view.
She is wielding an enchanted dagger.
Jessica shouts!
You see here a javelin.
c - 6 javelins (gained 1) Throwing (i - inventory. (,) - cycle):
c - 6 javelins (quivered)
Press: ? - help, Shift-Dir - straight line, f - Jessica
Aim: Jessica, wielding an enchanted dagger and wearing a robe You throw a javelin.
The javelin barely misses Jessica.
Jessica closely misses you. Jessica casts a spell at you.
Pain shoots through your body!
Jessica points at you and mumbles some strange words.
Pain shoots through your body! Jessica gestures at you while chanting.
Pain shoots through your body!
Ouch! That really hurt!
You die...

.. ......#####
..........#########
......#>(..........
.....#..... ......
...#...## ######
####......#####
#.##..........####
#@##.......#......
#..@.......#......
#..........#......
####......##......
#......##......
#......##......
#......##......
#########......
#......


You could see Jessica.

Vanquished Creatures
  2 adders (D:2)
  An ooze (D:1)
  A worm (D:2)
  A giant gecko (D:2)
  2 giant cockroaches (D:2)
  4 hobgoblins (D:1)
  6 jackals (D:2)
  A quokka (D:2)
  A ball python (D:2)
  2 bats (D:2)
  5 goblins
  5 kobolds
  2 rats
33 creatures vanquished.

Notes
Turn   | Place    | Note
--------------------------------------------------------------
     0 | D:1      | Moonlightfire the High Elf Hunter began the quest for the Orb.
     0 | D:1      | Reached XP level 1. HP: 14/14 MP: 2/2
   284 | D:1      | Reached XP level 2. HP: 19/19 MP: 3/3
   768 | D:2      | Reached XP level 3. HP: 16/25 MP: 4/4
  1216 | D:2      | Found a blossoming altar of Fedhas.
  1216 | D:2      | Found a burning altar of Makhleb.
  1216 | D:2      | Found a bloodstained altar of Trog.
  1216 | D:2      | Found a glowing golden altar of the Shining One.
  1242 | D:2      | Found a snail-covered altar of Cheibriados.
  1242 | D:2      | Found a stormy altar of Qazlal.
  1501 | D:2      | Paralysed by fainting for 10 turns
  1644 | D:2      | Noticed Jessica
  1655 | D:2      | Killed from afar by Jessica

Action                   || total
-------------------------++-------
Melee: Short sword       ||    18
       Mace              ||    63
Throw: Javelin           ||    18
  Use: Potion            ||     6
       Scroll            ||     1
 Stab: Sleeping          ||     1
  Eat: Bread ration      ||     1
Armor: Scale mail        ||    51
       Skin              ||     6
       Robe              ||    40
Dodge: Dodged            ||   139
